 Dungeon Crawl Stone Soup version 0.27-a0-909-g0721f309d1 (webtiles) character file.

Game seed: 6280109613143208471

31 EnegeticOcto the Magician (level 3, -5/25 HPs)
             Began as a Djinni Earth Elementalist on Apr 8, 2021.
             Slain by an iguana (14 damage)
             ... on level 4 of the Dungeon.
             The game lasted 00:01:18 (245 turns).

EnegeticOcto the Magician (DjEE)                     Turns: 245, Time: 00:01:19

Health: -5/25      AC:  2    Str:  7    XL:     3   Next: 22%
Gold:   6          EV: 12    Int: 17    God:
                   SH:  0    Dex: 13

rFire    + + .     SeeInvis .   (no weapon)
rCold    x . .     Faith    .   (no shield)
rNeg     . . .     Spirit   .   c - +0 robe
rPois    ∞         Reflect  .   (no helmet)
rElec    .         Harm     .   (no cloak)
rCorr    .         Rampage  .   (no gloves)
Will     .....                  (boots unavailable)
Stlth    ++........             (no amulet)
HPRegen  0.08/turn              (no ring)
MPRegen  0.00/turn              (no ring)

@: flying
A: fire resistance 2, cold vulnerability 1, float, innate caster, hp casting,
extra vitality 1
a: no special abilities


You were on level 4 of the Dungeon.
You visited 1 branch of the dungeon, and saw 4 of its levels.

You collected 6 gold pieces.

Inventory:

Hand Weapons
 a - a +0 whip
   (You took it off a gnoll on level 1 of the Dungeon)
 d - a +0 morningstar
   (You found it on level 2 of the Dungeon)
Missiles
 b - 24 stones
Armour
 c - a +0 robe (worn)
Scrolls
 f - a scroll of acquirement {unknown}
Potions
 e - a potion of lignification {unknown}


   Skills:
 - Level 2.1 Dodging
 - Level 1.5 Stealth
 + Level 3.7 Spellcasting


You couldn't memorise any spells.
You knew the following spells:

 Your Spells              Type           Power      Damage    Failure   Level
a - Sandblast             Erth           30%        2d9       3%          1
b - Stone Arrow           Conj/Erth      30%        3d8       11%         3
c - Petrify               Tmut/Erth      15%        N/A       34%         4
d - Lee's Rapid Deconstr  Erth           7%         3d8*      69%         5
e - Freeze                Ice            60%        1d8       3%          1
p - Passwall              Tmut/Erth      12%        N/A       5%          2
Your spell library was empty.

Dungeon Overview and Level Annotations

Branches:
Dungeon (4/15)
 Temple: D:4-7

Altars:
Ru


Innate Abilities, Weirdness & Mutations

You are immune to poison.
Your flesh is very heat resistant. (rF++)
You are vulnerable to cold. (rC-)
You float through the air rather than walking.
You learn spells naturally, not from books.
Your magical power is your life essence.
You have superior vitality. (+4 HP)


Message History

Aiming: Sandblast (safe; 4% risk of failure)
Press: ? - help, Shift-Dir - straight line, f/p - goblin
Aim: a goblin, wielding a +0 dagger (26% to evade)
The blast of sand hits the goblin!
You kill the goblin!
Things that are here:
a +0 dagger; a goblin corpse Your magical contamination has completely faded away.
A bat and a kobold come into view.
The kobold is wielding a +0 club and quivering poisoned darts.
The kobold shouts!
The bat barely misses you.
Casting: Sandblast (safe; 4% risk of failure)
Confirm with . or Enter, or press ? or * to list all spells.
Aiming: Sandblast (safe; 4% risk of failure)
Press: ? - help, Shift-Dir - straight line, f - bat
Aim: a bat (31% to evade)
The blast of sand hits the bat!
You kill the bat!
Casting: Sandblast (safe; 4% risk of failure)
Confirm with . or Enter, or press ? or * to list all spells.
Aiming: Sandblast (safe; 4% risk of failure)
Press: ? - help, Shift-Dir - straight line, f - kobold
Aim: a kobold, wielding a +0 club and quivering poisoned darts (26% to evade)
The blast of sand hits the kobold!
You kill the kobold!
Things that are here:
a +0 club; 2 poisoned darts; a kobold corpse
Found a sacrificial altar of Ru.
Things that are here:
a +0 club; 2 poisoned darts; a kobold corpse An adder comes into view.
The adder hisses angrily.
The adder moves out of view.
The adder bites you but does no damage.
Casting: Sandblast (safe; 4% risk of failure)
Confirm with . or Enter, or press ? or * to list all spells.
Aiming: Sandblast (safe; 4% risk of failure)
Press: ? - help, Shift-Dir - straight line, f - adder
Aim: an adder (34% to evade)
The blast of sand hits the adder!
The adder is almost dead.
The adder barely misses you. The adder closely misses you.
Casting: Sandblast (safe; 4% risk of failure)
Confirm with . or Enter, or press ? or * to list all spells.
Aiming: Sandblast (safe; 4% risk of failure)
Press: ? - help, Shift-Dir - straight line, f/p - adder
Aim: an adder (almost dead, 34% to evade)
The blast of sand hits the adder.
You kill the adder!
You have reached level 3!
Your experience leads to an increase in your attributes!
Increase (s)trength, (i)ntelligence, or (d)exterity?
You feel clever.
The power to cast Freeze wells up from within.
Spell assigned to 'e'.
You see here an adder corpse.
Found 19 sling bullets.
Found a stone staircase leading down.
Found a stone staircase leading up.
Found an escape hatch in the ceiling.
An orc comes into view. It is wielding a +0 hand axe.
The orc moves out of view.
There is a stone staircase leading up here.
You fly upwards.
There is a stone staircase leading down here.
You fly downwards.
There is a stone staircase leading up here.
There is a stone staircase leading down here.
(D) Dungeon
Where to? (Enter - D:3, ? - help)
You fly downwards. 2 iguanas come into view.
The iguana hisses angrily.
Found 17 bolts and a scroll labelled CEECUQI AFAPN.
There is a stone staircase leading up here.
Casting: Sandblast (safe; 3% risk of failure)
Confirm with . or Enter, or press ? or * to list all spells.
Aiming: Sandblast (safe; 3% risk of failure)
Press: ? - help, Shift-Dir - straight line, f - iguana
Aim: an iguana (18% to evade)
The blast of sand hits the iguana but does no damage.
The iguana hisses angrily.
Casting: Sandblast (safe; 3% risk of failure)
Confirm with . or Enter, or press ? or * to list all spells.
Aiming: Sandblast (safe; 3% risk of failure)
Press: ? - help, Shift-Dir - straight line, f/p - iguana
Aim: an iguana (18% to evade)
The blast of sand hits the iguana.
The iguana is moderately wounded.
Casting: Sandblast (safe; 3% risk of failure)
Confirm with . or Enter, or press ? or * to list all spells.
Aiming: Sandblast (safe; 3% risk of failure)
Press: ? - help, Shift-Dir - straight line, f/p - iguana
Aim: an iguana (moderately wounded, 18% to evade)
The blast of sand hits the iguana.
The iguana is moderately wounded.
The iguana bites you!
Ouch! That really hurt!
You die...

# .# .# ..
####. # # .?.
.# #..##.#(.#
#...l@...#
#.l.........#
.....####.....#
#### ######


You could see 2 iguanas.

Vanquished Creatures
  A gnoll (D:1)
  An adder (D:3)
  A bat (D:3)
  A goblin (D:3)
  3 hobgoblins
  3 quokkas (D:1)
  A frilled lizard (D:2)
  A kobold (D:3)
12 creatures vanquished.

Notes
Turn   | Place    | Note
-------+----------+-------------------------------------------
     0 | D:1      | EnegeticOcto the Djinni Earth Elementalist began the quest
                  | for the Orb.
     0 | D:1      | Reached XP level 1. HP: 15/15 MP: 0/0
    15 | D:1      | Reached skill level 3 in Spellcasting
    15 | D:1      | Reached XP level 2. HP: 19/21 MP: 0/0
   198 | D:3      | Found a sacrificial altar of Ru.
   216 | D:3      | Reached XP level 3. HP: 9/25 MP: 0/0
   216 | D:3      | Learned a level 1 spell: Freeze
   245 | D:4      | Slain by an iguana

Illustrated notes

Levels and vault maps discovered:
D:1:      kilobyte_arrival_exit_the_forest, layout_basic, serial_aquarium,
          aquarium_bridge_island_small [aquarium_subvault_small_open,
          aquarium_subvault_wall, aquarium_subvault_bridge,
          aquarium_subvault_window, aquarium_subvault_bridge],
          aquarium_bridge_square [aquarium_subvault_wall,
          aquarium_subvault_window, aquarium_subvault_bridge,
          aquarium_subvault_bridge], aquarium_window_fake, aquarium_window_1,
          aquarium_window_3, aquarium_view_2e, aquarium_view_2c, aquarium_pool_2
D:2:      layout_basic, basic_altar, basic_ecumenical_altar, dk_noncrumbling_2
D:3:      layout_loops_cross, lemuel_tele_altar, lemuel_round_altar,
          marbit_many_paths
D:4:      layout_loops_ring, chequers_decorated_corner

Skill      XL: |  1 |
---------------+----+-----
Spellcasting   | 3 |  3.7
Dodging        | |  2.1
Stealth        | |  1.5

Action                   || total
-------------------------++-------
 Cast: Sandblast         ||    19
Armor: Robe              ||     1
Dodge: Dodged            ||     5

Table legend: (Time is in decaauts)
 A = Elapsed time spent in this place.
 B = Non-inter-level travel time spent in this place.
 C = Inter-level travel time spent in this place.
 D = Time resting spent in this place.
 E = Time spent auto-exploring this place.
 F = Levels seen in this place.
 G = Mean time per level.
                   A        B        C        D        E       F      G
               +--------+--------+--------+--------+--------+-----+--------+
         Total |    246 |    233 |     13 |      0 |      0 |   4 |   61.5 |
       Dungeon |    246 |    233 |     13 |      0 |      0 |   4 |   61.5 |
               +--------+--------+--------+--------+--------+-----+--------+

Top non-repeatable levels by time:
     D:1: 104 daAuts
     D:2: 70 daAuts
     D:3: 67 daAuts
     D:4: 3 daAuts
